 Dungeon Crawl Stone Soup version 0.22-a0-252-gcace5d2 (console) character file.

553 Duffy the Digger (level 7, -4/27 HPs)
             Began as a Felid Earth Elementalist on Mar 1, 2018.
             Was an Initiate of Ru.
             Slain by an ice beast (13 damage)
             ... on level 6 of the Dungeon.
             The game lasted 00:11:15 (8739 turns).

Duffy the Digger (Felid Earth Elementalist)         Turns: 8739, Time: 00:11:16

Health: -4/27      AC:  2    Str:  7    XL:     7   Next: 8%
Magic:  15/15      EV: 18    Int: 18    God:    Ru [......]
Gold:   351        SH:  0    Dex: 17    Spells: 5/16 levels left
                                        Lives:  0   Deaths: 2

rFire    . . .     SeeInvis +     - Unarmed
rCold    . . .     Gourm    .   (shield unavailable)
rNeg     . . .     Faith    .   (armour unavailable)
rPois    .         Spirit   .   (helmet unavailable)
rElec    .         Reflect  .   (cloak unavailable)
rCorr    +         Harm     +   (gloves unavailable)
MR       +....                  (boots unavailable)
Stlth    +++.......             v - amulet of harm
HPRegen  0.09/turn              l - ring of resist corrosion
MPRegen  0.14/turn              h - +3 ring of strength

@: quick
A: very small, no armour, no weapons or thrown items, stealth, claws 1, fangs 3,
see invisible, carnivore, speed 1, shaggy fur 2, slow metabolism 1, sharp paws
a: Renounce Religion


You were on level 6 of the Dungeon.
You worshipped Ru.
Ru was noncommittal.
You were not hungry.

You visited 2 branches of the dungeon, and saw 7 of its levels.

You collected 351 gold pieces.

Inventory:

Missiles
 b - 169 stones
Jewellery
 h - a +3 ring of strength (right paw)
 l - a ring of resist corrosion (left paw)
 o - an uncursed ring of protection from fire
 v - an amulet of harm (around neck)
Wands
 r - a wand of polymorph (15)
Scrolls
 a - 2 scrolls of remove curse
 f - 2 scrolls of immolation
 j - a scroll of fog
 k - a scroll of noise {unknown}
 m - a scroll of fear
 n - a scroll of teleportation {unknown}
 p - a scroll of enchant weapon {unknown}
Potions
 d - 3 potions of heal wounds
 e - a potion of ambrosia
 g - 3 potions of haste
 i - a potion of flight
 s - a potion of agility
 t - 2 potions of magic
Comestibles
 c - 7 rations


   Skills:
 - Level 2.6 Dodging
 - Level 2.6 Stealth
 - Level 3.5 Unarmed Combat
 - Level 5.2 Spellcasting
 + Level 6.0 Conjurations
 - Level 1.1 Transmutations
 + Level 6.9 Earth Magic


You had 5 spell levels left.
You knew the following spells:

 Your Spells              Type           Power        Failure   Level  Hunger
a - Sandblast             Erth           ####..       1%          1    None
h - Stone Arrow           Conj/Erth      ####..       2%          3    ##.....
l - Lee's Rapid Deconstr  Erth           ####......   21%         5    ######.
P - Passwall              Tmut/Erth      ###.......   3%          2    #......


Dungeon Overview and Level Annotations

Branches:
Dungeon (6/15)             Temple (1/1) D:6

Altars:
Ashenzari
Cheibriados
Dithmenos
Elyvilon
Fedhas
Gozag
Hepliaklqana
Kikubaaqudgha
Makhleb
Nemelex Xobeh
Qazlal
Ru
Sif Muna
Trog
Uskayaw
Vehumet
Wu Jian
Xom
Yredelemnul
Zin
The Shining One

Shops:
D:4 =

Annotations:
D:4 Eustachio


Innate Abilities, Weirdness & Mutations

You cannot wear armour.
You are incapable of wielding weapons or throwing items.
Your paws allow you to move quietly. (Stealth)
You have sharp claws.
You have razor-sharp teeth.
You have supernaturally acute eyesight. (SInv)
You are carnivorous and can eat meat at any time.
You cover ground quickly.
You are covered in thick fur. (AC +2)
You have a slow metabolism.
Your sharp claws are effective at attacking unaware monsters.


Message History

The ice beast completely misses you.
You scratch the ice beast.
The ice beast is lightly wounded.
The ice beast hits you. The ice beast freezes you!
You die...
You are now level 7!
You rejoin the land of the living...
Found a stone staircase leading down.
Unknown command.
An ice beast is nearby!
An ice beast is nearby!
The ice beast misses you.
You swing at nothing.
You closely miss the ice beast.
The ice beast is lightly wounded.
The ice beast hits you. The ice beast freezes you!
You scratch the ice beast.
The ice beast is lightly wounded.
The ice beast hits you. The ice beast freezes you!
You die...

##%# ##.#..#
####.#..####....##
.........#...#.##
######.#...###.#
#.....## #.#
##..#### #.# #.Zo#
#.# ##.#Y# #.# .
#..#@# #.#
.>..###.##.# #.#
#.....##.# ###.#
###...#..# #...#
#..#...######.###
#.####.##.....#
... #....##### ###
#...## #.#.####


You could see an ice beast, an orc and a worker ant zombie.

Vanquished Creatures
  A hippogriff (D:5)
  A sky beast (D:3)
  A phantom (D:4)
  3 orc warriors
  4 ogres
  The ghost of Autsider the Sneak, an amateur VSAs (D:3)
  A scorpion (D:5)
  A howler monkey (D:4)
  2 bullfrog zombies (D:6)
  A quasit (D:5)
  A centaur zombie (D:6)
  A hound (D:3)
  2 jellies
  2 orc wizards (D:5)
  6 worker ants
  A howler monkey zombie (D:6)
  11 gnolls
  2 howler monkey skeletons
  7 adders
  7 river rats (D:5)
  An adder zombie (D:4)
  3 oozes
  2 worms
  3 dart slugs
  10 leopard geckos
  10 orcs
  A ball python (D:1)
  3 giant cockroaches
  7 goblins
  10 hobgoblins
  10 kobolds
  10 quokkas
  4 bats
  8 frilled lizards
  A jackal skeleton (D:5)
  A leopard gecko skeleton (D:5)
  2 quokka skeletons
  17 rats
159 creatures vanquished.

Notes
Turn   | Place    | Note
-------+----------+-------------------------------------------
     0 | D:1      | Duffy the Felid Earth Elementalist began the quest for the Orb.
     0 | D:1      | Reached XP level 1. HP: 7/7 MP: 4/4
    84 | D:1      | Reached XP level 2. HP: 11/11 MP: 4/6
   108 | D:1      | Learned a level 2 spell: Passwall
   333 | D:1      | Reached skill level 1 in Unarmed Combat
   703 | D:1      | Reached XP level 3. HP: 9/14 MP: 7/7
   825 | D:1      | Learned a level 3 spell: Stone Arrow
  1871 | D:2      | Reached XP level 4. HP: 18/18 MP: 5/9
  2408 | D:2      | Reached skill level 1 in Conjurations
  2839 | D:2      | Reached XP level 5. HP: 21/21 MP: 3/10
  3428 | D:3      | Noticed a sky beast
  3467 | D:3      | Killed a sky beast
  3467 | D:3      | Gained mutation: You are covered in thick fur. (AC +2) [Felid growth]
  3467 | D:3      | Reached XP level 6. HP: 24/24 MP: 5/12
  3527 | D:3      | Learned a level 5 spell: Lee's Rapid Deconstruction
  3711 | D:3      | Noticed Autsider's ghost (amateur VSAs)
  3729 | D:3      | Killed Autsider's ghost
  4110 | D:4      | HP: 1/24 [phantom (10)]
  4505 | D:4      | Reached XP level 7. HP: 18/27 MP: 7/14
  4700 | D:4      | Noticed Eustachio
  4763 | D:4      | Found Esutaqyt's Jewellery Boutique.
  5526 | D:5      | Entered Level 5 of the Dungeon
  6093 | D:5      | Reached skill level 5 in Earth Magic
  6614 | D:5      | Noticed a hippogriff
  6649 | D:5      | Killed a hippogriff
  6649 | D:5      | Reached skill level 5 in Spellcasting
  6649 | D:5      | Reached XP level 8. HP: 31/31 MP: 5/16
  7236 | D:5      | Reached skill level 5 in Conjurations
  7844 | D:6      | Found a staircase to the Ecumenical Temple.
  7855 | Temple   | Entered the Ecumenical Temple
  8175 | Temple   | Became a worshipper of Ru the Awakened
  8576 | D:5      | Mangled by an orc warrior
  8577 | D:5      | Reached XP level 7. HP: -13/27 MP: 7/15
  8716 | D:6      | Reached XP level 8. HP: 31/31 MP: 3/16
  8726 | D:6      | Slain by an ice beast
  8727 | D:6      | Reached XP level 7. HP: -2/27 MP: 5/15
  8739 | D:6      | Slain by an ice beast

Vault maps used:
D:1:      onia_arrival_handbag
D:2:      kennysheep_nub
D:4:      first_ration, serial_shops, nicolae_shop_stone, uniq_eustachio
D:5:      lemuel_ratsnest
D:6:      temple_green
Temple:   nicolae_temple_the_god_donut

Skill      XL: |  1  2  3  4  5  6  7  8 |
---------------+-------------------------+-----
Unarmed Combat | 1 2 3 |  3.5
Earth Magic    | 3 4 5 6 |  6.9
Conjurations   | 1 2 6 5 |  6.0
Spellcasting   | 3 4 5 |  5.2
Dodging        | |  2.6
Stealth        | |  2.6
Transmutations | |  1.1

Action                   |  1- 3 |  4- 6 |  7- 9 || total
-------------------------+-------+-------+-------++-------
Melee: Unarmed           |    49 |   107 |   166 ||   322
       Bite              |     1 |    10 |    19 ||    30
       Punch             |       |     3 |     1 ||     4
 Cast: Sandblast         |    34 |    57 |    68 ||   159
       Stone Arrow       |       |       |    41 ||    41
  Use: Scroll            |     2 |     4 |     5 ||    11
 Stab: Sleeping          |    11 |     6 |     6 ||    23
       Distracted        |       |       |     3 ||     3
  Eat: Chunk             |     9 |     5 |     9 ||    23
Armor: Skin              |       |     8 |     9 ||    17
Dodge: Dodged            |    37 |    95 |   166 ||   298

Table legend:
 A = Spawn XP
 B = Non-spawn XP
 C = Spawn XP percentage of total XP
 D = Spawn monster count
 E = Non-spawn monster count
 F = Spawn count percentage of total count
 G = Total turns spent on level
                    A         B        C        D         E        F      G
               +---------+---------+-------+---------+---------+-------+---------
         Total |       0 |    2787 |   0.0 |       0 |     159 |   0.0 |  8739
               +---------+---------+-------+---------+---------+-------+---------
           D:1 |       0 |      67 |   0.0 |       0 |      30 |   0.0 |  1725
           D:2 |       0 |     151 |   0.0 |       0 |      30 |   0.0 |  1244
           D:3 |       0 |     316 |   0.0 |       0 |      17 |   0.0 |  1092
           D:4 |       0 |     490 |   0.0 |       0 |      10 |   0.0 |  1465
           D:5 |       0 |    1221 |   0.0 |       0 |      59 |   0.0 |  2500
           D:6 |       0 |     542 |   0.0 |       0 |      13 |   0.0 |   385
               +---------+---------+-------+---------+---------+-------+---------
